 Dungeon Crawl Stone Soup version 0.31-a0-851-g7ff8af7976 (webtiles) character file.

Game seed: 2798659447380884645

97 Darius099 the Chopper (level 4, -4/40 HPs)
             Began as a Minotaur Fighter on Oct 7, 2023.
             Killed by divine providence
             ... invoked by an orc priest
              (15 damage)
             ... on level 2 of the Dungeon.
             The game lasted 00:05:00 (1300 turns).

Darius099 the Chopper (Minotaur Fighter)            Turns: 1300, Time: 00:05:01

Health: -4/40      AC:  7    Str: 23    XL:     4   Next: 42%
Magic:  3/3        EV:  9    Int:  5    God:
Gold:   67         SH:  4    Dex:  9    Spells: 3/3 levels left

rFire   . . .        a - +0 war axe
rCold   . . .        c - +0 buckler
rNeg    . . .        b - +0 scale mail
rPois   .            (helmet restricted)
rElec   .            (no cloak)
rCorr   .            (no gloves)
SInv    .            (no boots)
Will    .....        (no amulet) Stlth
                     (no ring)
HPRegen 0.26/turn    (no ring)
MPRegen 0.08/turn

%: no passive effects
@: no status effects
A: horns 2, retaliatory headbutt
a: no special abilities


You were on level 2 of the Dungeon.
You visited 1 branch of the dungeon, and saw 4 of its levels.

You collected 67 gold pieces.

Inventory:

Hand Weapons
 a - a +0 war axe (weapon)
Armour
 b - a +0 scale mail (worn)
 c - a +0 buckler (worn)
Scrolls
 e - 2 scrolls of identify {unknown}
 h - a scroll of fear {unknown}
 l - a scroll of noise {unknown}
Potions
 d - 2 potions of might
 f - a potion of mutation {unknown}
 g - 2 potions of curing {unknown}
 i - 2 potions of heal wounds {unknown}
 j - a potion of lignification {unknown}
 k - a potion of brilliance {unknown}


   Skills:
 - Level 4.0 Fighting
 + Level 5.0 Axes
 - Level 3.9 Armour
 - Level 4.0 Shields


You had 3 spell levels left.
You didn't know any spells.
Your spell library contained the following spells:

 Spells                   Type           Power      Damage    Failure   Level
 Magic Dart               Conj           0%         1d3       85%         1
 Searing Ray              Conj           0%         2d4       94%         2
 Fulminant Prism          Conj/Hex       0%         3d5       100%        4


Dungeon Overview and Level Annotations

Branches:
Dungeon (4/15)
 Temple: D:4-7

Altars:


Innate Abilities, Weirdness & Mutations

You have a pair of horns on your head.
You reflexively headbutt those who attack you in melee.


Message History

You kill the orc!
You hit the orc.
The orc priest miscasts a cantrip.
The orc hits you with a +0 hand axe.
You slash the orc!
You kill the orc!
You closely miss the orc. The orc hits you but does no damage.
Your Axes skill increases to level 5!
Found 6 gold pieces.
You block the orc priest's attack. The orc hits you but does no damage.
Items here: ))) †.
You hit the orc priest. Your headbutt misses the orc priest.
The orc priest is moderately wounded.
You hit the orc.
You kill the orc!
You block the orc priest's attack. The orc priest barely misses you.
You completely miss the orc priest. Your headbutt misses the orc priest.
The orc priest is moderately wounded.
The orc priest hits you but does no damage.
You hit the orc priest. Your headbutt misses the orc priest.
The orc priest is heavily wounded.
The orc priest hits you but does no damage.
You barely miss the orc priest.
The orc priest is heavily wounded.
The orc priest closely misses you.
The orc priest calls down the wrath of Beogh upon you.
Beogh smites you!
You closely miss the orc priest.
The orc priest is heavily wounded.
The orc priest mumbles some strange prayers to Beogh against you.
Beogh smites you!
You barely miss the orc priest. Your headbutt misses the orc priest.
The orc priest is heavily wounded.
The orc priest hits you with a +0 club.
* * * LOW HITPOINT WARNING * * *
You closely miss the orc priest.
The orc priest is heavily wounded.
The orc priest invokes the aid of Beogh against you.
Beogh smites you!
You die...

#...$. ##.....###
#......... #.......?##
### #......... ##.#
#......>.# #.#### ###
#
#......o.###.###.###.#
# #@).#.##.##.##.###
#.###.#.#.#.#.#.#.
#......#..#..#..#†
#.....#...#...#...#.
###.....#....#....#.
...##...#.....#....
###.##.....#......#.
....#.......#.....
##.##...........†..


You could see an orc priest.

Vanquished Creatures
  A gnoll (D:2)
  4 adders
  A worm (D:4)
  A dart slug (D:1)
  4 orcs (D:2)
  4 ball pythons (D:1)
  2 bats
  3 endoplasms
  A giant cockroach (D:3)
  6 hobgoblins
  3 jackals (D:3)
  A quokka (D:1)
  2 frilled lizards
  3 goblins
  2 kobolds (D:1)
  4 rats
42 creatures vanquished.

Notes
Turn   | Place    | Note
-------+----------+-------------------------------------------
     0 | D:1      | Darius099 the Minotaur Fighter began the quest for the Orb.
     0 | D:1      | Reached XP level 1. HP: 19/19 MP: 0/0
    60 | D:1      | Found a faded altar of an unknown god.
   201 | D:1      | Reached XP level 2. HP: 27/27 MP: 1/1
   973 | D:2      | Reached skill level 3 in Axes
   992 | D:2      | You fall into a shaft and drop 2 floors!
  1047 | D:4      | Reached XP level 3. HP: 32/33 MP: 2/2
  1170 | D:2      | Reached skill level 4 in Axes
  1174 | D:2      | Reached XP level 4. HP: 30/40 MP: 3/3
  1293 | D:2      | Reached skill level 5 in Axes
  1300 | D:2      | Killed from afar by an orc priest

Illustrated notes

Levels and vault maps discovered:
D:1:      tarquinn_simple_flora_water_b, layout_basic,
          hellmonk_ecumenical_altar_crossroads, serial_forest,
          infiniplex_forest_lined_3, infiniplex_forest_fountain,
          infiniplex_forest_lined_room_, infiniplex_forest_end_double,
          infiniplex_forest_clump_diagonal, infiniplex_forest_lined_2,
          infiniplex_forest_lined_ring, infiniplex_forest_lined_room_,
          minmay_door_square
D:2:      layout_basic, serial_curves, eino_curves_02, eino_curves_01,
          minmay_increasing_density
D:3:      layout_basic, mainiacjoe_overflow_concentric_impassable,
          grunt_ashenzari_visionary [grunt_ashenzari_visionary_shoals,
          grunt_ashenzari_visionary_snake], serial_shops,
          nicolae_shop_gibbet_a_chance
D:4:      layout_loops_corners, corexii_hall_statues_x,
          chequers_serial_rivers_micro_e

Skill      XL: |  1  2  3  4 |
---------------+-------------+-----
Fighting       | 4 |  4.0
Shields        | 4 |  4.0
Axes           | 3 4 5 |  5.0
Armour         | |  3.9

Action                     |  1- 3 |  4- 6 || total
---------------------------+-------+-------++-------
  Melee: War axe           |    69 |    23 ||    92
         Headbutt          |     6 |     3 ||     9
 Armour: Scale mail        |    63 |    20 ||    83
  Dodge: Dodged            |    47 |     8 ||    55
  Block: Buckler           |    16 |     4 ||    20

Table legend: (Time is in decaauts)
 A = Elapsed time spent in this place.
 B = Non-inter-level travel time spent in this place.
 C = Inter-level travel time spent in this place.
 D = Time resting spent in this place.
 E = Time spent auto-exploring this place.
 F = Levels seen in this place.
 G = Mean time per level.
                   A        B        C        D        E       F      G
               +--------+--------+--------+--------+--------+-----+--------+
         Total |   1332 |   1252 |     80 |     55 |    567 |   4 |  333.0 |
       Dungeon |   1332 |   1252 |     80 |     55 |    567 |   4 |  333.0 |
               +--------+--------+--------+--------+--------+-----+--------+

Top non-repeatable levels by time:
     D:1: 980 daAuts
     D:2: 237 daAuts
     D:4: 85 daAuts
     D:3: 28 daAuts
